 Dungeon Crawl Stone Soup version 0.31-a0-986-g5e6e4ef867 (webtiles) character file.

Game seed: 11109193014166122762

837 skwerlee the Chopper (level 7, -7/45 HPs)
             Began as a Gargoyle Berserker on Nov 12, 2023.
             Was a Priest of Trog.
             Mangled by an ogre
             ... wielding a +0 giant club
              (22 damage)
             ... on level 4 of the Dungeon.
             The game lasted 00:05:53 (4522 turns).

skwerlee the Chopper (Gargoyle Berserker)           Turns: 4522, Time: 00:05:54

Health: -7/45      AC: 14    Str: 23    XL:     7   Next: 99%
Magic:  7/7        EV: 11    Int:  7    God:    Trog [***...]
Gold:   168        SH:  0    Dex:  9    Spells: 6/6 levels left

rFire   . . .        a - +0 hand axe (venom)
rCold   . . .        (no shield)
rNeg    + . .        p - +0 ring mail
rPois   ∞            (no helmet)
rElec   +            r - +0 cloak
rCorr   .            (no gloves)
SInv    .            i - +2 pair of boots
Will    .....        (no amulet)
Stlth   +            (no ring)
HPRegen 0.27/turn    (no ring)
MPRegen 0.10/turn

%: no passive effects
@: no status effects
A: sickness immunity, AC +4, negative energy resistance 1, electricity
resistance, torment resistance 1, petrification resistance
a: Renounce Religion, Berserk, Trog's Hand


You were on level 4 of the Dungeon.
You worshipped Trog.
Trog was most pleased with you.
You visited 1 branch of the dungeon, and saw 5 of its levels.

You collected 168 gold pieces.

Inventory:

Hand Weapons
 a - a +0 hand axe of venom (weapon)
 u - a +2 spectral club
Missiles
 q - 3 throwing nets
Armour
 i - a +2 pair of boots (worn)
 p - a +0 ring mail (worn)
 r - a +0 cloak (worn)
Wands
 t - a wand of flame (32)
Scrolls
 h - a scroll of amnesia
 l - 2 scrolls of poison
 v - a scroll of fear {unknown}
 w - a scroll of vulnerability {unknown}
 x - a scroll of enchant weapon {unknown}
Potions
 b - a potion of berserk rage {unknown}
 c - a potion of ambrosia {unknown}
 d - 2 potions of lignification {unknown}
 f - a potion of mutation {unknown}
 j - 2 potions of heal wounds {unknown}
 k - a potion of attraction {unknown}
 n - a potion of curing {unknown}
 s - 2 potions of degeneration {unknown}
 z - a potion of magic {unknown}


   Skills:
 + Level 5.7 Fighting
 + Level 7.0 Axes
 - Level 2.4 Armour
 - Level 2.2 Dodging
 - Level 1.0 Stealth


You had 6 spell levels left.
You didn't know any spells.
Your spell library was empty.

Dungeon Overview and Level Annotations

Branches:
Dungeon (5/15)
 Temple: D:4-7

Altars:
The Shining One

Shops:
D:3 (*(


Innate Abilities, Weirdness & Mutations

You are immune to sickness and miasma.
Your stone body is resilient. (AC +4)
You are immune to poison.
You resist negative energy. (rN+)
You are resistant to electric shocks. (rElec)
You are resistant to unholy torment.
You are immune to petrification.


Message History

The black bear attacks as it pursues you!
The black bear bites you but does no damage.
The black bear claws you but does no damage. x2
The black bear attacks as it pursues you!
The black bear bites you but does no damage.
The black bear closely misses you. The black bear misses you.
The black bear goes berserk!
You barely miss the ogre.
The ogre is almost dead.
The ogre closely misses you.
You completely miss the ogre.
The ogre is almost dead.
The ogre closely misses you.
You hit the ogre.
You kill the ogre!
Trog accepts your kill.
The black bear bites you but does no damage.
The black bear claws you but does no damage. x2
You hit the black bear.
The black bear is almost dead.
The black bear bites you.
The black bear claws you but does no damage. x2
You hit the black bear but do no damage.
The black bear looks as sick as possible!
The black bear is almost dead.
The black bear barely misses you. The black bear claws you.
The black bear claws you but does no damage.
The black bear bites you but does no damage.
The black bear closely misses you. The black bear barely misses you.
You slash the black bear!
You kill the black bear!
Trog accepts your kill.
Your Axes skill increases to level 7!
You hit the ogre.
The ogre is poisoned.
The ogre is lightly wounded.
The ogre hits you with a +0 giant club!!
You slash the ogre!
The ogre is heavily wounded.
The ogre hits you with a +0 giant club!!
You die...

.........
#......>...
.........
#..........
........#
####........#
....(.†.#
##.....:....##
[.......##
#.........###
.........##
#........##
......##..#
######..## .....#
##O## ##.## .....
##@## ##.## ....
#..#####.## ###
##†......##
##...##..##
##...####..#
##......###.#
##...........####
###..........<....#
##..##.............#


You could see an ogre (very poisoned).

Vanquished Creatures
  Sigmund (D:4)
  A black bear (D:4)
  An ogre (D:4)
  Blork the orc (D:4)
  A scorpion (D:4)
  A hound (D:4)
  A jelly (D:5)
  2 iguanas
  Ijyb (D:3)
  10 gnolls
  5 adders
  A worm (D:3)
  2 dart slugs (D:2)
  6 orcs (D:4)
  6 ball pythons
  7 endoplasms
  4 giant cockroaches
  6 goblins
  7 hobgoblins
  3 jackals (D:1)
  4 kobolds
  3 bats
  4 frilled lizards
  7 rats
85 creatures vanquished.

Notes
Turn   | Place    | Note
-------+----------+-------------------------------------------
     0 | D:1      | skwerlee the Gargoyle Berserker began the quest for the
                  | Orb.
     0 | D:1      | Reached XP level 1. HP: 14/14 MP: 1/1
   422 | D:1      | Reached XP level 2. HP: 19/19 MP: 2/2
   468 | D:1      | Reached skill level 3 in Axes
   616 | D:1      | Reached XP level 3. HP: 22/24 MP: 3/3
   639 | D:1      | Reached ** piety under Trog
  1337 | D:2      | Reached XP level 4. HP: 26/29 MP: 4/4
  1652 | D:2      | Found a faded altar of an unknown god.
  1652 | D:2      | Identified the +5 short sword of Fasic {distort, rN+}
  2267 | D:3      | Found Fusk's Weapon Shoppe.
  2339 | D:3      | Reached skill level 1 in Stealth
  2512 | D:3      | Reached XP level 5. HP: 33/33 MP: 5/5
  2676 | D:3      | Noticed Ijyb
  2685 | D:3      | Killed Ijyb
  2686 | D:3      | Reached skill level 4 in Axes
  2936 | D:3      | Found Vus Merch's Assorted Antiques.
  3087 | D:3      | Found Zesin's Antique Weapon Shoppe.
  3245 | D:4      | Noticed Sigmund
  3256 | D:4      | Killed Sigmund
  3257 | D:4      | Reached skill level 5 in Axes
  3257 | D:4      | Reached XP level 6. HP: 39/39 MP: 6/6
  3760 | D:4      | Identified the +3 rapier "Veha" {pain, Fly Dex+2}
  3885 | D:4      | Noticed Blork the orc
  3896 | D:4      | Killed Blork the orc
  3897 | D:4      | Reached skill level 5 in Fighting
  3897 | D:4      | Reached skill level 6 in Axes
  3897 | D:4      | Reached XP level 7. HP: 31/44 MP: 7/7
  4186 | D:4      | You fall into a shaft and drop 1 floor!
  4186 | D:5      | Entered Level 5 of the Dungeon
  4317 | D:4      | Reached *** piety under Trog
  4357 | D:4      | Found a glowing golden altar of the Shining One.
  4521 | D:4      | Reached skill level 7 in Axes
  4522 | D:4      | Mangled by an ogre

Illustrated notes

Levels and vault maps discovered:
D:1:      onia_arrival_mini_spirals, layout_loops_ring
D:2:      layout_rooms, shapermc_ecumenical_altar_mp_urbaneastern, nrook_uturn,
          nicolae_houndstooth_variations
D:3:      layout_basic, serial_shops, nicolae_lakefront_shop, shop,
          nicolae_shop_tiny_glass, uniq_ijyb
D:4:      layout_cave_pods, lemuel_blue_sif_altar, tso_oasis_becter,
          minmay_temple_entry_statues_pillars, uniq_sigmund, uniq_blork_the_orc
D:5:      nicolae_cairo_tiling_very_big, layout_cave_pods, uniq_edmund,
          uniq_duvessa, uniq_prince_ribbit1, uniq_grinder, uniq_pikel

Skill      XL: |  1  2  3  4  5  6  7 |
---------------+----------------------+-----
Axes           | 3 5 6 7 |  7.0
Fighting       | 4 5 |  5.7
Dodging        | 2 |  2.2
Stealth        | 1 |  1.0
Armour         | |  2.4

Action                     |  1- 3 |  4- 6 |  7- 9 || total
---------------------------+-------+-------+-------++-------
  Melee: Hand axe          |   107 |   150 |    54 ||   311
         Punch             |       |     1 |       ||     1
 Invoke: Berserk           |       |     4 |     1 ||     5
    Use: Scroll            |       |     5 |     3 ||     8
   Stab: Sleeping          |     2 |       |       ||     2
 Armour: Animal skin       |    53 |     8 |       ||    61
         Ring mail         |       |    85 |    56 ||   141
  Dodge: Dodged            |    72 |    82 |    38 ||   192

Table legend: (Time is in decaauts)
 A = Elapsed time spent in this place.
 B = Non-inter-level travel time spent in this place.
 C = Inter-level travel time spent in this place.
 D = Time resting spent in this place.
 E = Time spent auto-exploring this place.
 F = Levels seen in this place.
 G = Mean time per level.
                   A        B        C        D        E       F      G
               +--------+--------+--------+--------+--------+-----+--------+
         Total |   4594 |   4404 |    190 |   1254 |   2472 |   5 |  918.8 |
       Dungeon |   4594 |   4404 |    190 |   1254 |   2472 |   5 |  918.8 |
               +--------+--------+--------+--------+--------+-----+--------+

Top non-repeatable levels by time:
     D:3: 1472 daAuts
     D:4: 1172 daAuts
     D:1: 1028 daAuts
     D:2: 787 daAuts
     D:5: 132 daAuts
